 Dungeon Crawl Stone Soup version 0.21-a0-538-gd16b88a (webtiles) character file.

103 tidbits the Digger (level 4, -1/32 HPs)
             Began as a Gnoll Earth Elementalist on Dec 16, 2017.
             Slain by Pikel
             ... wielding a +1 whip of freezing
              (4 damage)
             ... on level 4 of the Dungeon.
             The game lasted 00:11:10 (1234 turns).

tidbits the Digger (Gnoll Earth Elementalist)       Turns: 1234, Time: 00:11:11

Health: -1/32      AC:  2    Str: 11    XL:     4   Next: 79%
Magic:  2/11       EV: 15    Int: 18    God:
Gold:   131        SH:  0    Dex: 15    Spells: 10/13 levels left

rFire    . . .     SeeInvis .   a - +1 whip (drain)
rCold    . . .     Gourm    .   (no shield)
rNeg     . . .     Faith    .   c - +0 robe
rPois    .         Spirit   .   (no helmet)
rElec    .         Reflect  .   (no cloak)
rCorr    .         Harm     .   (no gloves)
MR       .....                  (no boots)
Stlth    ++++......             h - amulet of rage
HPRegen  0.10/turn              A - ring of stealth
MPRegen  0.12/turn              (no ring)

@: very slightly contaminated
A: distributed training, fangs 1, strong nose
a: Evoke Berserk Rage


You were on level 4 of the Dungeon.
You were not hungry.

You visited 1 branch of the dungeon, and saw 4 of its levels.

You collected 131 gold pieces.

Inventory:

Hand Weapons
 a - a +1 whip of draining (weapon)
   (You took it off a kobold on level 3 of the Dungeon)
 g - a +0 dagger
 n - a +0 short sword
 s - a +0 blowgun
 x - a +0 hunting sling
 y - a +0 dagger
Missiles
 b - 187 stones (quivered)
 r - 37 poisoned needles
Armour
 c - a +0 robe (worn)
Jewellery
 h - an amulet of rage (around neck)
   (You found it on level 1 of the Dungeon)
 A - a ring of stealth (left hand)
   (You found it on level 2 of the Dungeon)
Wands
 k - a wand of digging (11)
Scrolls
 f - 6 scrolls of teleportation
 m - a scroll of fog {unknown}
 o - a scroll of amnesia {unknown}
 p - a scroll of immolation {unknown}
 t - 2 scrolls of remove curse
 u - a scroll of enchant armour {unknown}
 w - a scroll of noise {unknown}
Potions
 l - a potion of haste {unknown}
 v - a potion of berserk rage
Books
 e - a book of Geomancy

   Spells                             Type                      Level
   a - Sandblast                      Earth                        1
   b - Passwall                       Transmutation/Earth          2
   c - Stone Arrow                    Conjuration/Earth            3
   d - Petrify                        Transmutation/Earth          4
   e - Lee's Rapid Deconstruction     Earth                        5
 i - a book of Misfortune
   (You found it on level 4 of the Dungeon)

   Spells                             Type                      Level
   a - Confusing Touch                Hexes                        1
   b - Confuse                        Hexes                        3
   c - Gell's Gravitas                Translocation                3
   d - Petrify                        Transmutation/Earth          4
   e - Metabolic Englaciation         Hexes/Ice                    5
   f - Yara's Violent Unravelling     Hexes/Transmutation          5
Comestibles
 d - 4 bread rations
 j - 2 meat rations


   Skills:
 + Level 1.2 Fighting
 + Level 1.2 Short Blades
 + Level 1.2 Long Blades
 + Level 1.2 Axes
 + Level 1.2 Maces & Flails
 + Level 1.2 Polearms
 + Level 1.2 Staves
 + Level 1.2 Slings
 + Level 1.2 Bows
 + Level 1.2 Crossbows
 + Level 1.2 Throwing
 + Level 1.2 Armour
 + Level 4.7 Dodging
 + Level 4.3 Stealth
 + Level 1.2 Shields
 + Level 1.2 Unarmed Combat
 + Level 5.1 Spellcasting
 + Level 1.0 Conjurations
 + Level 1.0 Hexes
 + Level 1.0 Charms
 + Level 1.0 Summonings
 + Level 1.0 Necromancy
 + Level 1.0 Translocations
 + Level 2.3 Transmutations
 + Level 1.0 Fire Magic
 + Level 1.0 Ice Magic
 + Level 1.0 Air Magic
 + Level 5.5 Earth Magic
 + Level 1.0 Poison Magic
 + Level 1.3 Invocations
 + Level 1.2 Evocations


You had 10 spell levels left.
You knew the following spells:

 Your Spells              Type           Power        Failure   Level  Hunger
a - Sandblast             Erth           ###...       1%          1    None
w - Passwall              Tmut/Erth      ###.......   4%          2    #......


Dungeon Overview and Level Annotations

Branches:
Dungeon (4/15)
 Temple: D:4-7

Altars:
Makhleb

Annotations:
D:4 Eustachio; Pikel; Regeox's ghost, amateur GrFi


Innate Abilities, Weirdness & Mutations

Your experience applies equally to all skills.
You have very sharp teeth.
Your uncanny sense of smell can sniff out nearby items.


Message History

You are confused.
You feel invigorated.
You feel less invigorated.
You feel less confused.
You eat the royal jelly.
That royal jelly was delicious!
The slave shouts!
Pikel shouts!
You hear a shout!
The slave shouts!
A slave comes into view.
Casting: Sandblast
Confirm with . or Enter, or press ? or * to list all spells.
Aiming: Sandblast
Press: ? - help, Shift-Dir - straight line, f - slave
Aim: a slave, wearing an animal skin You miscast Sandblast.
You are very lightly contaminated with residual magic.
Motes of dust swirl before your eyes.
Casting: Sandblast
Confirm with . or Enter, or press ? or * to list all spells.
Aiming: Sandblast
Press: ? - help, Shift-Dir - straight line, f/p - slave
Aim: a slave, wearing an animal skin The blast of sand hits the slave.
b - 195 stones The slave closely misses you.
Casting: Sandblast
Confirm with . or Enter, or press ? or * to list all spells.
Aiming: Sandblast
Press: ? - help, Shift-Dir - straight line, f/p - slave
Aim: a slave, wearing an animal skin The blast of sand hits the slave.
The slave is moderately wounded.
b - 194 stones The slave hits you.
Casting: Sandblast
Confirm with . or Enter, or press ? or * to list all spells.
Aiming: Sandblast
Press: ? - help, Shift-Dir - straight line, f/p - slave
Aim: a slave, wearing an animal skin (moderately wounded)
The blast of sand hits the slave.
The slave is heavily wounded.
b - 193 stones The slave hits you.
Casting: Sandblast
Confirm with . or Enter, or press ? or * to list all spells.
Aiming: Sandblast
Press: ? - help, Shift-Dir - straight line, f/p - slave
Aim: a slave, wearing an animal skin (heavily wounded)
The blast of sand hits the slave.
The slave is almost dead.
b - 192 stones
Casting: Sandblast
Confirm with . or Enter, or press ? or * to list all spells.
Aiming: Sandblast
Press: ? - help, Shift-Dir - straight line, f - Pikel, p - slave
Aim: Pikel, wielding a whip of freezing and wearing a robe The blast of sand hits Pikel.
Pikel is moderately wounded.
b - 191 stones Pikel says, "You'll fetch a fair price!"
Pikel hits you with a whip of freezing. Pikel freezes you.
Casting: Sandblast
Confirm with . or Enter, or press ? or * to list all spells.
Aiming: Sandblast
Press: ? - help, Shift-Dir - straight line, f/p - Pikel
Aim: Pikel, wielding a whip of freezing and wearing a robe (moderately wounded)
The blast of sand hits Pikel.
Pikel is moderately wounded.
b - 190 stones Pikel hits you with a whip of freezing.
* * * LOW HITPOINT WARNING * * *
Pikel freezes you.
* * * LOW HITPOINT WARNING * * *
Casting: Sandblast
Confirm with . or Enter, or press ? or * to list all spells.
Aiming: Sandblast
Press: ? - help, Shift-Dir - straight line, f/p - Pikel
Aim: Pikel, wielding a whip of freezing and wearing a robe (moderately wounded)
The blast of sand hits Pikel.
Pikel is severely wounded.
b - 189 stones Pikel hits you but does no damage.
Casting: Sandblast
Confirm with . or Enter, or press ? or * to list all spells.
Aiming: Sandblast
Press: ? - help, Shift-Dir - straight line, f/p - Pikel
Aim: Pikel, wielding a whip of freezing and wearing a robe (severely wounded)
The blast of sand misses Pikel.
b - 188 stones Pikel drinks a potion.
Pikel is healed!
Casting: Sandblast
Confirm with . or Enter, or press ? or * to list all spells.
Aiming: Sandblast
Press: ? - help, Shift-Dir - straight line, f/p - Pikel
Aim: Pikel, wielding a whip of freezing and wearing a robe (lightly wounded)
The blast of sand hits Pikel.
Pikel is moderately wounded.
b - 187 stones Pikel hits you with a whip of freezing!
* * * LOW HITPOINT WARNING * * *
Pikel freezes you.
You die...

## #####....# .#
#...#....#### .#
#...#.......# .#
#...#....##.# .#
#...#....#
_#∆##...#....##.##
####'.............
2#..######.#########.#
##..# ###'###..@Kppp#
....#
#.......#####p..#
....# #.......# #
....# #.......#
....####.......#
....##........##
.....#........#
##.#.#....#####
.....#....


You could see Pikel and 4 slaves.

Vanquished Creatures
  A hound (D:4)
  An adder (D:2)
  An adder skeleton (D:4)
  3 worms
  3 dart slugs
  A ball python (D:3)
  9 bats
  3 giant cockroaches
  A goblin (D:1)
  7 hobgoblins
  9 kobolds
  A frilled lizard (D:1)
  A quokka skeleton (D:4)
  10 rats
51 creatures vanquished.

Notes
Turn   | Place    | Note
-------+----------+-------------------------------------------
     0 | D:1      | tidbits the Gnoll Earth Elementalist began the quest for the Orb.
     0 | D:1      | Reached XP level 1. HP: 13/13 MP: 6/6
    74 | D:2      | Reached skill level 2 in Transmutations
    74 | D:2      | Reached XP level 2. HP: 19/19 MP: 3/7
    78 | D:2      | Learned a level 2 spell: Passwall
   354 | D:4      | Found a burning altar of Makhleb.
   354 | D:4      | Noticed a cacodemon
   374 | D:4      | Noticed Eustachio
   575 | D:2      | Reached skill level 5 in Spellcasting
   575 | D:2      | Reached XP level 3. HP: 15/25 MP: 5/9
   707 | D:1      | Reached skill level 1 in Invocations
   747 | D:1      | Reached skill level 1 in Fighting
   747 | D:1      | Reached skill level 1 in Short Blades
   747 | D:1      | Reached skill level 1 in Long Blades
   747 | D:1      | Reached skill level 1 in Axes
   747 | D:1      | Reached skill level 1 in Maces & Flails
   747 | D:1      | Reached skill level 1 in Polearms
   747 | D:1      | Reached skill level 1 in Staves
   747 | D:1      | Reached skill level 1 in Slings
   747 | D:1      | Reached skill level 1 in Bows
   747 | D:1      | Reached skill level 1 in Crossbows
   747 | D:1      | Reached skill level 1 in Throwing
   747 | D:1      | Reached skill level 1 in Armour
   747 | D:1      | Reached skill level 1 in Shields
   747 | D:1      | Reached skill level 1 in Unarmed Combat
   747 | D:1      | Reached skill level 1 in Evocations
   753 | D:1      | Reached XP level 4. HP: 27/32 MP: 2/11
  1094 | D:4      | Noticed Regeox's ghost (amateur GrFi)
  1137 | D:4      | HP: 3/48 [Regeox's ghost (14)]
  1143 | D:4      | Reached skill level 1 in Conjurations
  1143 | D:4      | Reached skill level 1 in Hexes
  1143 | D:4      | Reached skill level 1 in Charms
  1143 | D:4      | Reached skill level 1 in Summonings
  1143 | D:4      | Reached skill level 1 in Necromancy
  1143 | D:4      | Reached skill level 1 in Translocations
  1143 | D:4      | Reached skill level 1 in Fire Magic
  1143 | D:4      | Reached skill level 1 in Ice Magic
  1143 | D:4      | Reached skill level 1 in Air Magic
  1143 | D:4      | Reached skill level 1 in Poison Magic
  1208 | D:4      | Noticed a slave
  1209 | D:4      | Noticed Pikel
  1209 | D:4      | Noticed a slave
  1209 | D:4      | Noticed a slave
  1225 | D:4      | Noticed a slave
  1234 | D:4      | HP: 3/32 [Pikel/whip of freezing (11)]
  1234 | D:4      | Slain by Pikel

Vault maps used:
D:1:      ncdulo_halloftheorcs, minmay_surrounded
D:3:      first_bread, kennysheep_generic_room_15
D:4:      makhleb_altar_promises_db, uniq_pikel, uniq_eustachio

Skill      XL: |  1  2  3  4 |
---------------+-------------+-----
Transmutations | 2 |  2.3
Spellcasting   | 5 |  5.1
Invocations    | 1 |  1.3
Fighting       | 1 |  1.2
Short Blades   | 1 |  1.2
Long Blades    | 1 |  1.2
Axes           | 1 |  1.2
Maces & Flails | 1 |  1.2
Polearms       | 1 |  1.2
Staves         | 1 |  1.2
Slings         | 1 |  1.2
Bows           | 1 |  1.2
Crossbows      | 1 |  1.2
Throwing       | 1 |  1.2
Armour         | 1 |  1.2
Shields        | 1 |  1.2
Unarmed Combat | 1 |  1.2
Evocations     | 1 |  1.2
Conjurations   | 1 |  1.0
Hexes          | 1 |  1.0
Charms         | 1 |  1.0
Summonings     | 1 |  1.0
Necromancy     | 1 |  1.0
Translocations | 1 |  1.0
Fire Magic     | 1 |  1.0
Ice Magic      | 1 |  1.0
Air Magic      | 1 |  1.0
Poison Magic   | 1 |  1.0
Dodging        | |  4.7
Stealth        | |  4.3
Earth Magic    | |  5.5

Action                   |  1- 3 |  4- 6 || total
-------------------------+-------+-------++-------
Melee: Dagger            |     7 |     2 ||     9
       Whip              |    23 |    42 ||    65
       Bite              |     3 |     3 ||     6
 Cast: Sandblast         |    34 |    28 ||    62
       Passwall          |     6 |     1 ||     7
 Abil: Evoke Berserk Rag |       |     1 ||     1
Evoke: Wand              |     2 |       ||     2
  Use: Scroll            |     1 |     5 ||     6
       Potion            |       |     3 ||     3
 Stab: Sleeping          |     6 |       ||     6
  Eat: Royal jelly       |       |     1 ||     1
Armor: Robe              |     3 |    11 ||    14
Dodge: Dodged            |    33 |    46 ||    79

Table legend:
 A = Spawn XP
 B = Non-spawn XP
 C = Spawn XP percentage of total XP
 D = Spawn monster count
 E = Non-spawn monster count
 F = Spawn count percentage of total count
 G = Total turns spent on level
                    A         B        C        D         E        F      G
               +---------+---------+-------+---------+---------+-------+---------
         Total |       0 |     148 |   0.0 |       0 |      51 |   0.0 |  1234
               +---------+---------+-------+---------+---------+-------+---------
           D:1 |       0 |      42 |   0.0 |       0 |      25 |   0.0 |   266
           D:2 |       0 |      42 |   0.0 |       0 |      15 |   0.0 |   230
           D:3 |       0 |      14 |   0.0 |       0 |       7 |   0.0 |   397
           D:4 |       0 |      50 |   0.0 |       0 |       4 |   0.0 |   341
               +---------+---------+-------+---------+---------+-------+---------

Table legend:
 A = Turns spent in this place as a percentage of turns spent in the entire game.
 B = Non-inter-level travel turns spent in this place as a percentage of non-inter-level travel turns spent in the entire game.
 C = Inter-level travel turns spent in this place as a percentage of turns spent in this place.
 D = Turns resting spent in this place as a percentage of non-inter-level travel turns spent in this place.
 E = Turns spent auto-exploring this place as a percentage of non-inter-level travel turns spent in this place.
 F = Non-inter-level travel turns spent in this place divided by the number of levels of this place that you've seen.
                   A       B       C       D       E      F
               +-------+-------+-------+-------+-------+----------------------
         Total | 100.0 | 100.0 |   0.0 |   0.0 |   0.0 | 308.5
       Dungeon | 100.0 | 100.0 |   0.0 |   0.0 |   0.0 | 308.5
               +-------+-------+-------+-------+-------+----------------------

Table legend:
 A = Kills in this place as a percentage of kills in entire the game.
 B = Kills by you in this place as a percentage of kills by you in the entire game.
 C = Kills by friends in this place as a percentage of kills by friends in the entire game.
 D = Other kills in this place as a percentage of other kills in the entire game.
 E = Experience gained in this place as a percentage of experience gained in the entire game.
 F = Experience gained in this place divided by the number of levels of this place that you have seen.
                   A       B       C       D       E      F
               +-------+-------+-------+-------+-------+----------------------
         Total | 100.0 | 100.0 |   N/A |   N/A | 100.0 |  37.0
       Dungeon | 100.0 | 100.0 |   N/A |   N/A | 100.0 |  37.0
               +-------+-------+-------+-------+-------+----------------------

Vault maps used:
D:1:      ncdulo_halloftheorcs, minmay_surrounded
D:3:      first_bread, kennysheep_generic_room_15
D:4:      makhleb_altar_promises_db, uniq_pikel, uniq_eustachio
